AoeStats
← 清華校草

Nomad

510320859Analyzed
4v4 RM · 2d ago on Sep 30, 2026· 52m 7s· 8 players
Game mode
Random Map
Map size
231×231
Population
200
Speed
Normal
Resources
Standard
Victory
Conquest
Starting age
Dark Age
Ending age
Imperial Age
RankedLock teamsTeams togetherTeam positionsShared explorationLock speedFull tech treeHidden civsTurbo modeCheats
Victory
Defeat
🇹🇼 Varangians · Taiwan
1141
+15
🇹🇼 Khmer · Taiwan
1117
+16
🇹🇼 Vietnamese · Taiwan
1111
+16
🇹🇼 Japanese · Taiwan
1071
+18
🇨🇳 Wei · China
1166
-18
🇨🇳 Portuguese · China
1148
-19
🇧🇷 Japanese · Brazil
1115
-16
🇨🇳 Franks · China
1003
-12
subaru
12:47 Feudal Age
13:17 Loom
14:19 Horse Collar
14:29 Fishing Lines
14:57 Double-Bit Axe
16:16 Wheelbarrow
21:07 Castle Age
19:16 Stone Mining
20:41 Fletching
22:48 Thumb Ring
25:02 Bodkin Arrow
25:08 Padded Archer Armor
33:37 Leather Archer Armor
35:00 Heavy Plow
39:48 Bow Saw
42:28 Imperial Age
40:14 Hand Cart
40:54 Scale Barding Armor
41:00 Forging
42:09 Stone Shaft Mining
41:25 Gold Mining
44:40 Parthian Tactics
44:18 Bracer
44:49 Ring Archer Armor
44:40 Chain Barding Armor
44:55 Iron Casting
45:19 Conscription
44:20 Elite Tiger Cavalry
45:31 Ming Guang Armor
45:43 Hoardings
45:36 Ballistics
44:57 Treadmill Crane
45:48 Elite Tiger Cavalry
47:49 Chemistry
49:02 Blast Furnace
Sam
3:39 Loom
4:47 Loom
14:39 Feudal Age
15:02 Man-at-Arms
15:46 Double-Bit Axe
16:21 Arson
19:58 Stone Mining
19:53 Fishing Lines
23:14 Castle Age
23:51 Fletching
24:49 Bow Saw
24:20 Horse Collar
25:05 Bodkin Arrow
25:45 Gold Mining
29:09 Gold Shaft Mining
28:35 Heavy Plow
34:13 Town Watch
40:54 Wheelbarrow
42:09 Hand Cart
42:27 Treadmill Crane
46:36 Imperial Age
44:33 Padded Archer Armor
44:44 Forging
44:35 Scale Mail Armor
44:48 Forging
44:24 Crossbowman
45:43 Murder Holes
45:58 Masonry
46:50 Capped Ram
47:15 Elite Samurai
48:15 Conscription
50:02 Arbalester
50:49 Thumb Ring
50:50 Bracer
51:06 Leather Archer Armor
We lost everything!
12:38 Loom
15:42 Feudal Age
23:42 Castle Age
23:56 Double-Bit Axe
24:02 Gold Mining
27:14 Fletching
29:37 Stone Mining
35:26 Gold Shaft Mining
36:34 Bow Saw
40:19 Imperial Age
38:53 Wheelbarrow
38:04 Town Watch
39:55 Hand Cart
40:41 Ballistics
40:35 Masonry
41:34 Husbandry
40:54 Cavalier
41:49 Forging
41:44 Scale Barding Armor
41:35 Bodkin Arrow
42:44 Chemistry
41:50 Siege Engineers
42:09 Murder Holes
44:18 Paladin
45:15 Heavy Scorpion
yangyang
7:44 Loom
13:59 Feudal Age
22:01 Castle Age
21:47 Horse Collar
22:54 Scale Barding Armor
34:06 Stone Mining
36:21 Heavy Plow
39:58 Wheelbarrow
40:06 Stone Shaft Mining
39:21 Gold Mining
45:15 Double-Bit Axe
se972130
5:44 Loom
15:28 Feudal Age
16:45 Town Watch
16:52 Double-Bit Axe
18:50 Bloodlines
25:31 Castle Age
24:55 Fishing Lines
27:34 Town Patrol
41:34 Wheelbarrow
46:20 Gillnets
48:03 Bow Saw
50:31 Scale Barding Armor
51:21 Husbandry
DumboBean
6:50 Loom
16:14 Feudal Age
17:53 Wheelbarrow
17:12 Gold Mining
17:24 Double-Bit Axe
19:53 Fishing Lines
25:31 Castle Age
24:03 Stone Mining
26:31 Medium Warships
26:12 Gillnets
27:28 Bow Saw
30:28 Hand Cart
31:38 Fletching
31:49 Padded Archer Armor
32:04 Town Watch
37:54 Imperial Age
36:12 Town Patrol
36:35 Bodkin Arrow
36:56 Leather Archer Armor
37:03 Elite Skirmisher
37:49 Thumb Ring
39:08 Paper Money
40:17 Two-Man Saw
38:47 Imperial Skirmisher
39:31 Bracer
40:49 Ballistics
41:30 Chemistry
42:02 Ring Archer Armor
41:43 Elite Rattan Archer
45:51 Treadmill Crane
轉隊長就跳海
5:06 Loom
16:58 Feudal Age
21:01 Castle Age
18:57 Fletching
22:38 Bodkin Arrow
27:16 Yasama
33:05 Forging
32:55 Scale Mail Armor
清華校草
5:02 Loom
14:58 Feudal Age
18:48 Castle Age
16:35 Fishing Lines
17:09 Double-Bit Axe
17:51 Forging
18:27 Scale Mail Armor
18:51 Arson
19:25 Gillnets
20:19 Squires
24:46 Gambesons
25:12 Gold Mining
31:54 Wheelbarrow
33:23 Hand Cart
34:07 Chain Mail Armor
34:27 Iron Casting
35:06 Town Watch
36:00 Town Patrol
38:49 Imperial Age
38:50 Elite Varangian Guard
40:46 Blast Furnace
40:25 Plate Mail Armor
40:17 Conscription
40:31 Gothikon
46:17 Elite Jarl
49:43 Stone Mining
Connection lost

Rejoining the realm…

Still unreachable

The connection could not be restored.

Session expired

The server has moved on; the page needs a fresh start.